 Dungeon Crawl Stone Soup version 0.23.2-40-g277498a001 (webtiles) character file.

Game seed: 14905509332598401919

680 Fairytaker the Magician (level 7, 0/46 HPs)
             Began as a Mummy Fire Elementalist on Sept 4, 2019.
             Slain by a worker ant (6 damage)
             ... on level 5 of the Dungeon.
             The game lasted 00:14:58 (6829 turns).

Fairytaker the Magician (Mummy Fire Elementalist)   Turns: 6829, Time: 00:15:01

Health: 0/46       AC:  2    Str: 11    XL:     7   Next: 34%
Magic:  8/14       EV: 12    Int: 16    God:
Gold:   126        SH:  0    Dex: 13    Spells: 2/15 levels left

rFire    x . .     SeeInvis .   q - +2 flail (protect)
rCold    + . .     Gourm    .   (no shield)
rNeg     + + +     Faith    .   a - +0 robe
rPois    ∞         Spirit   .   (no helmet)
rElec    .         Reflect  .   (no cloak)
rCorr    .         Harm     .   (no gloves)
MR       .....                  (no boots)
Stlth    ++........             (no amulet)
HPRegen  0.15/turn              (no ring)
MPRegen  0.14/turn              (no ring)

@: very slightly contaminated
A: no food or potions, fire vulnerability, cold resistance 1, negative energy
resistance 3, torment resistance, unbreathing
a: no special abilities


You were on level 5 of the Dungeon.
You were not hungry.

You visited 1 branch of the dungeon, and saw 5 of its levels.

You collected 126 gold pieces.

Inventory:

Hand Weapons
 d - a +0 short sword
 h - a +0 hand axe
 j - a +0 falchion
 m - a +2 flail of venom
 q - a +2 flail of protection (weapon)
Missiles
 b - 56 sling bullets
 e - 82 stones (quivered)
 i - 7 exploding tomahawks
 r - 5 poisoned tomahawks
Armour
 a - a +0 robe (worn)
Jewellery
 t - an uncursed amulet of harm {unknown}
Wands
 o - a wand of paralysis (6)
Scrolls
 c - a scroll of immolation {unknown}
 f - a scroll of fear {unknown}
 g - 2 scrolls of amnesia {unknown}
 k - 5 scrolls of teleportation {unknown}
 l - a scroll of noise {unknown}
 n - a scroll of identify {unknown}
 p - a scroll of enchant armour {unknown}
 s - a scroll of remove curse {unknown}


   Skills:
 - Level 1.5 Dodging
 - Level 1.5 Stealth
 + Level 4.7 Spellcasting
 * Level 4.7 Conjurations
 * Level 4.5 Fire Magic


You had 2 spell levels left.
You knew the following spells:

 Your Spells              Type           Power        Failure   Level  Hunger
a - Flame Tongue          Conj/Fire      ###..        2%          1    N/A
b - Sticky Flame          Conj/Fire      ###.....     24%         4    N/A
c - Fireball              Conj/Fire      ###.......   54%         5    N/A
d - Confuse               Hex            #.......     43%         3    N/A

Your spell library contained the following spells:

 Spells                   Type           Power        Failure   Level  Hunger
 Throw Flame              Conj/Fire      ###...       3%          2    N/A
 Corona                   Hex            #......      16%         1    N/A
 Ensorcelled Hibernation  Hex/Ice        #.....       24%         2    N/A
 Conjure Flame            Conj/Fire      ###.....     7%          3    N/A
 Dazzling Spray           Conj/Hex       ##....       19%         3    N/A
 Inner Flame              Hex/Fire       ##......     19%         3    N/A
 Tukima's Dance           Hex            #.......     43%         3    N/A

Dungeon Overview and Level Annotations

Branches:
Dungeon (5/15)
 Temple: D:4-7

Altars:
Kikubaaqudgha
Uskayaw
Yredelemnul

Annotations:
D:2 2 transporters, Menkaure


Innate Abilities, Weirdness & Mutations

You do not eat or drink.
Your flesh is vulnerable to fire.
You are immune to poison.
Your flesh is cold resistant. (rC+)
You are immune to negative energy. (rN+++)
You are immune to unholy pain and torment.
You can survive without breathing.


Message History

Unknown command.
Casting: Flame Tongue (safe; 2% risk of failure)
Confirm with . or Enter, or press ? or * to list all spells.
Aiming: Flame Tongue (safe; 2% risk of failure)
Press: ? - help, Shift-Dir - straight line, f/p - worker ant
Aim: a worker ant (lightly wounded)
The flame tongue hits the worker ant.
The worker ant is lightly wounded.
Casting: Flame Tongue (safe; 2% risk of failure)
Confirm with . or Enter, or press ? or * to list all spells.
Aiming: Sticky Flame (slightly dangerous; 24% risk of failure)
Press: ? - help, Shift-Dir - straight line, f/p - worker ant
Aim: a worker ant (lightly wounded)
You miscast Sticky Flame.
You are very lightly contaminated with residual magic.
The fire burns you terribly!
You are blasted with fire.
Ouch! That really hurt!
* * * LOW HITPOINT WARNING * * *
The worker ant bites you.
You die...

. .. ... # .... #
..... # ......### ##
......a@#### #.
...).......#########
#.
..<....##..........##
#. ......#
##..........###.
.....#
##...........##.
.....
##............#..
?...
#................
...#
##..............##
#...............#


You could see a worker ant.

Vanquished Creatures
  A water moccasin skeleton (D:5)
  A howler monkey (D:4)
  2 orc wizards (D:4)
  2 orc priests (D:4)
  An iguana (D:4)
  A centaur skeleton (D:4)
  Jessica (D:3)
  4 worker ants
  Natasha (thrice) (D:4)
  10 adders
  3 gnolls (D:4)
  An adder skeleton (D:4)
  3 worms
  3 dart slugs
  12 orcs
  2 ball pythons
  3 giant cockroaches
  10 goblins
  4 hobgoblins
  7 jackals (D:3)
  3 kobolds
  4 bats
  8 frilled lizards
  11 rats
100 creatures vanquished.

Notes
Turn   | Place    | Note
-------+----------+-------------------------------------------
     0 | D:1      | Fairytaker the Mummy Fire Elementalist began the quest for
                  | the Orb.
     0 | D:1      | Reached XP level 1. HP: 13/13 MP: 4/4
   144 | D:1      | Reached skill level 1 in Conjurations
   415 | D:1      | Reached XP level 2. HP: 19/19 MP: 3/5
  1278 | D:1      | Reached XP level 3. HP: 9/24 MP: 0/7
  1468 | D:2      | Found a transporter.
  1471 | D:2      | Found an ancient bone altar of Kikubaaqudgha.
  1473 | D:2      | Noticed Menkaure
  1476 | D:2      | Found a basalt altar of Yredelemnul.
  1502 | D:2      | Found a transporter.
  1555 | D:2      | Found a faded altar of an unknown god.
  2004 | D:2      | Reached XP level 4. HP: 30/30 MP: 6/8
  2155 | D:2      | Learned a level 4 spell: Sticky Flame
  2761 | D:3      | Noticed Jessica
  2796 | D:3      | Killed Jessica
  2796 | D:3      | Reached XP level 5. HP: 15/35 MP: 0/10
  4676 | D:4      | Reached XP level 6. HP: 41/41 MP: 7/11
  5809 | D:4      | Learned a level 5 spell: Fireball
  5813 | D:4      | Learned a level 3 spell: Confuse
  5969 | D:4      | Noticed a +0 dagger
  5969 | D:4      | Noticed a +0 dagger
  5970 | D:4      | Found a hide-covered altar of Uskayaw.
  6041 | D:4      | Noticed Natasha
  6045 | D:4      | Killed Natasha
  6045 | D:4      | Reached XP level 7. HP: 44/46 MP: 7/13
  6288 | D:4      | Noticed Natasha
  6293 | D:4      | Killed Natasha
  6432 | D:4      | Noticed Natasha
  6437 | D:4      | Killed Natasha
  6538 | D:5      | Entered Level 5 of the Dungeon
  6829 | D:5      | Slain by a worker ant

Skill      XL: |  1  2  3  4  5  6 |
---------------+-------------------+-----
Conjurations   | 1 2 3 4 |  4.7
Spellcasting   | 3 4 |  4.7
Fire Magic     | 3 4 |  4.5
Dodging        | |  1.5
Stealth        | |  1.5

Action                   |  1- 3 |  4- 6 |  7- 9 || total
-------------------------+-------+-------+-------++-------
Melee: Short sword       |     5 |       |       ||     5
       Hand axe          |     5 |     8 |       ||    13
       Falchion          |       |    27 |       ||    27
       Flail             |       |    19 |     1 ||    20
Throw: Stone             |    16 |    18 |       ||    34
 Cast: Flame Tongue      |    52 |   136 |    17 ||   205
       Sticky Flame      |       |     8 |     3 ||    11
 Stab: Sleeping          |       |     3 |       ||     3
Armor: Robe              |     6 |    14 |       ||    20
Dodge: Dodged            |    20 |    80 |     5 ||   105
       Rpst.: Falchion   |       |    10 |       ||    10
